 Dungeon Crawl Stone Soup version 0.31-a0-844-gdc52ec4e09 (webtiles) character file.

Game seed: 13599111332576312915

65307 Pixllover the Severer (level 15, -4/148 HPs)
             Began as a Gargoyle Berserker on Sept 28, 2023.
             Was the Champion of Trog.
             Slain by a torpor snail (8 damage)
             ... on level 5 of the Lair of Beasts.
             The game lasted 00:52:13 (15277 turns).

Pixllover the Severer (Gargoyle Berserker)         Turns: 15277, Time: 00:52:14

Health: -4/148     AC: 44    Str: 29    XL:     15   Next: 16%
Magic:  15/15      EV:  7    Int:  7    God:    Trog [******]
Gold:   1043       SH:  0    Dex:  9    Spells: 14/14 levels left

rFire   . . .        a - +5 battleaxe (heavy)
rCold   + . .        (shield currently unavailable)
rNeg    + . .        Q - +0 crystal plate armour {rC+}
rPois   ∞            s - +2 helmet
rElec   +            B - +0 cloak
rCorr   +            o - +2 pair of gloves {Stlth+}
SInv    .            (no boots)
Will    +++..        h - amulet of regeneration Stlth
                     C - +4 ring of protection
HPRegen 2.24/turn    F - ring of resist corrosion
MPRegen 0.14/turn

%: no passive effects
@: berserking, strong-willed, flying, regenerating, slowed
A: sickness immunity, AC +11, big wings, negative energy resistance 1,
electricity resistance, torment resistance 1, petrification resistance
a: Renounce Religion, Berserk, Trog's Hand, Brothers in Arms


You were on level 5 of the Lair of Beasts.
You worshipped Trog.
Trog was exalted by your worship.
You visited 2 branches of the dungeon, and saw 17 of its levels.
You also visited: Ice Cave.

You collected 1336 gold pieces.
You spent 293 gold pieces at shops.

Inventory:

Hand Weapons
 a - a +5 heavy battleaxe (weapon)
 b - a +3 broad axe of flaming
Missiles
 m - 18 poisoned darts (quivered)
 z - a throwing net
 L - 3 datura-tipped darts
 U - 2 javelins
Armour
 o - a +2 pair of gloves of stealth (worn)
 s - a +2 helmet (worn)
 B - a +0 cloak (worn)
 Q - a +0 crystal plate armour of cold resistance (worn)
Jewellery
 f - an amulet of reflection
 h - an amulet of regeneration (around neck)
 r - the ring of Fanaticism {Ice rElec Int+3}
   (You found it in an ice cave)

   [ring of ice]

   Ice:       It enhances your ice magic.
   Int+3:     It affects your intelligence (+3).
   rF-:       It makes you vulnerable to fire.
   rC+:       It protects you from cold.
   rElec:     It insulates you from electricity.
 C - a +4 ring of protection (left hand)
 F - a ring of resist corrosion (right hand)
Wands
 g - a wand of mindburst (28)
 p - a wand of light (12)
 G - a wand of iceblast (11)
 M - a wand of charming (2)
 N - a wand of polymorph (4)
 S - a wand of flame (26)
Scrolls
 c - a scroll of identify
 d - 7 scrolls of blinking
 k - 7 scrolls of teleportation
 l - 3 scrolls of fear
 u - 3 scrolls of poison
 v - 5 scrolls of revelation
 x - 4 scrolls of fog
 y - 5 scrolls of enchant armour
 A - 2 scrolls of enchant weapon
 E - a scroll of silence {unknown}
 K - a scroll of torment {unknown}
 O - a scroll of amnesia {unknown}
 T - 4 scrolls of immolation
Potions
 e - a potion of invisibility {unknown}
 i - 6 potions of haste
 j - 15 potions of ambrosia
 n - 10 potions of curing
 q - 4 potions of might
 t - 3 potions of cancellation {unknown}
 w - 3 potions of lignification {unknown}
 D - a potion of enlightenment {unknown}
 H - 2 potions of mutation
 I - 2 potions of heal wounds
 J - 2 potions of attraction {unknown}
 P - a potion of berserk rage {unknown}
 R - 2 potions of magic {unknown}


   Skills:
 + Level 13.4 Fighting
 + Level 17.0(17.5) Axes
 + Level 7.7(14.1) Maces & Flails
 + Level 2.2 Throwing
 + Level 10.7 Armour
 + Level 6.7 Dodging
 + Level 3.3 Stealth


You had 14 spell levels left.
You didn't know any spells.
Your spell library was empty.

Dungeon Overview and Level Annotations

Branches:
Dungeon (12/15)            Temple (0/1) D:6            Lair (5/5) D:10
 Shoals (0/4) Lair:2       Spider (0/4) Lair:2          Orc (0/2) D:12
  IceCv (visited)
  Slime: Lair:4-5

Altars:
Dithmenos
Fedhas
Makhleb
Trog
Uskayaw
Vehumet
Yredelemnul
Zin
The Shining One

Shops:
D:3 :?[=   D:11 *

Portals:
Trove: D:11 (give +2 storm dragon scales)

Annotations:
D:6 Jeremiah
D:12 3 runed translucent doors
Lair:4 exclusion: oklob plant


Innate Abilities, Weirdness & Mutations

You are immune to sickness and miasma.
Your stone body is resilient. (AC +11)
You are immune to poison.
Your large and strong wings let you fly.
You resist negative energy. (rN+)
You are resistant to electric shocks. (rElec)
You are resistant to unholy torment.
You are immune to petrification.


Message History

The tyrant leech is lightly wounded.
The tyrant leech bites you but does no damage.
A torpor snail comes into view.
Being near the torpor snail leaves you feeling lethargic.
You closely miss the tyrant leech.
The tyrant leech is lightly wounded.
You closely miss the tyrant leech. The tyrant leech bites you!!
The tyrant leech bites you!
The tyrant leech bites you but does no damage.
You barely miss the tyrant leech.
The tyrant leech is lightly wounded.
You slice the tyrant leech!! The tyrant leech barely misses you.
The tyrant leech misses you.
You miss the tyrant leech.
The tyrant leech is lightly wounded.
You chop the tyrant leech into pieces!!!
You kill the tyrant leech!
Trog accepts your kill.
The tyrant leech bites you but does no damage.
The tyrant leech bites you!
* * * LOW HITPOINT WARNING * * *
You feel better.
The sentinel's mark upon you fades away.
The tyrant leech bites you but does no damage.
Your skin crawls.
You feel strong-willed. The tyrant leech bites you!
* * * LOW HITPOINT WARNING * * *
The torpor snail bites you!
* * * LOW HITPOINT WARNING * * *
A red film seems to cover your vision as you go berserk!
You feel yourself moving faster!
You feel mighty! The tyrant leech bites you!!
* * * LOW HITPOINT WARNING * * *
The torpor snail bites you but does no damage.
You cut the tyrant leech into ribbons!!!
The tyrant leech is severely wounded.
You hit the torpor snail but do no damage.
The tyrant leech bites you but does no damage.
The torpor snail bites you!
You die...

...##.#...# ###
#......††#### #
###.......#.# #
#.#.P....#### #. #
###.†...#.# #.
###.....### #..##
####..#.....###
#/...###P....##.....#.
#...@w.....######....
###.†w.##### ###.P
###### ###


You could see a tyrant leech and a torpor snail.

Vanquished Creatures
  Gastronok (Lair:1)
  An azure jelly (IceCv)
  2 quicksilver oozes (IceCv)
  A hydra (Lair:4)
  An ice dragon (Lair:5)
  2 two-headed ogres (D:10)
  4 boulder beetles
  6 death yaks (Lair:4)
  Nergalle (Lair:3)
  Amaemon (Lair:2)
  Pikel (D:6)
  2 lindwurms (Lair:5)
  A deep elf pyromancer (D:12)
  An ugly thing (D:11)
  3 manticores
  A cyclops (D:12)
  An ice statue (IceCv)
  16 elephants
  3 black mambas
  15 cane toads
  2 gargoyles (D:10)
  An orange demon (Lair:2)
  5 torpor snails
  Psyche (D:12)
  7 komodo dragons
  An unseen horror (D:12)
  A yaktaur (D:12)
  2 rime drakes
  A queen bee (Lair:2)
  4 trolls
  8 blink frogs
  2 tyrant leeches (Lair:5)
  7 polar bears
  8 hornets (Lair:5)
  5 dream sheep
  2 jumping spiders (Lair:2)
  4 culicivoras (Lair:2)
  17 slime creatures
  A shadow (D:12)
  4 wraiths
  5 wyverns
  A vampire (D:8)
  4 basilisks
  58 yaks
  2 redbacks (Lair:2)
  Menkaure (D:6)
  Eustachio (D:6)
  A steam dragon (D:8)
  2 wargs
  2 vampire mosquitoes (D:10)
  An acid dragon (D:10)
  11 water moccasins
  7 orc warriors
  2 ice beasts
  2 sky beasts (D:8)
  5 black bears
  5 great orb of eyes simulacra (IceCv)
  4 ogres
  11 wolves
  8 centaurs
  A lemure (D:6)
  3 slime creature simulacra (IceCv)
  2 phantoms
  3 gnoll sergeants
  3 scorpions
  4 glowing shapeshifter simulacra (IceCv)
  10 bullfrogs
  5 wights (D:8)
  38 killer bees
  2 howler monkeys
  2 hounds
  A gnoll bouda (D:5)
  10 orc priests
  6 jellies
  Natasha (thrice) (D:4)
  3 iguanas
  11 orc wizards
  2 sleepcaps
  3 shapeshifter simulacra (IceCv)
  Robin (D:3)
  14 gnolls
  7 adders
  A shadow imp (D:6)
  2 adder zombies (D:3)
  3 worms
  3 dart slugs
  51 orcs
  3 bats (D:3)
  5 endoplasms
  A giant cockroach (D:2)
  8 goblins
  10 hobgoblins
  3 jackals (D:1)
  4 kobolds
  4 quokkas
  7 ball pythons
  A ball python zombie (D:3)
  3 frilled lizards (D:1)
  A quokka zombie (D:3)
  4 rats
528 creatures vanquished.

Vanquished Creatures (collateral kills)
  2 orc warriors (D:12)
  An orc wizard (D:12)
  2 orcs (D:12)
5 creatures vanquished.

Vanquished Creatures (others)
  An orc wizard (D:7)
1 creature vanquished.

Grand Total: 534 creatures vanquished

Notes
Turn   | Place    | Note
-------+----------+-------------------------------------------
     0 | D:1      | Pixllover the Gargoyle Berserker began the quest for the
                  | Orb.
     0 | D:1      | Reached XP level 1. HP: 14/14 MP: 1/1
   162 | D:1      | Reached XP level 2. HP: 19/19 MP: 2/2
   198 | D:1      | Reached skill level 3 in Axes
   438 | D:1      | Reached XP level 3. HP: 24/24 MP: 3/3
   901 | D:2      | Reached ** piety under Trog
  1116 | D:2      | Reached XP level 4. HP: 29/29 MP: 4/4
  1223 | D:3      | Found Qievouxe's Armour Boutique.
  1282 | D:3      | Noticed Robin
  1284 | D:3      | Found Zoost's Jewellery Boutique.
  1370 | D:3      | Killed Robin
  1403 | D:3      | Reached XP level 5. HP: 34/34 MP: 5/5
  1403 | D:3      | Found a basalt altar of Yredelemnul.
  1454 | D:3      | Identified the +7 ring mail "Kaalloy" {Dex+2}
  1526 | D:3      | Found Tameitunn's Magic Scroll Boutique.
  1532 | D:3      | Bought a scroll of identify for 20 gold pieces
  1545 | D:3      | Found Ynenifadghi's Book Shop.
  1810 | D:3      | Found a hide-covered altar of Uskayaw.
  1877 | D:4      | Reached *** piety under Trog
  1990 | D:4      | Reached skill level 4 in Axes
  1999 | D:4      | Found a bloodstained altar of Trog.
  2034 | D:4      | Noticed Natasha
  2058 | D:4      | Killed Natasha
  2059 | D:4      | Reached XP level 6. HP: 39/39 MP: 6/6
  2081 | D:4      | Noticed Natasha
  2089 | D:4      | Killed Natasha
  2090 | D:4      | Reached skill level 1 in Maces & Flails
  2290 | D:4      | Noticed a black bear
  2304 | D:4      | Killed a black bear
  2305 | D:4      | Reached XP level 7. HP: 43/44 MP: 7/7
  2328 | D:4      | Reached skill level 5 in Fighting
  2777 | D:4      | Noticed Natasha
  2784 | D:4      | Killed Natasha
  2850 | D:5      | Entered Level 5 of the Dungeon
  2983 | D:5      | Reached XP level 8. HP: 6/49 MP: 8/8
  3090 | D:5      | Reached skill level 1 in Stealth
  3508 | D:5      | Reached skill level 5 in Maces & Flails
  3708 | D:6      | Noticed a rust devil
  3715 | D:6      | Noticed Jeremiah
  3792 | D:5      | Reached skill level 5 in Armour
  4075 | D:7      | Reached **** piety under Trog
  4076 | D:7      | Reached XP level 9. HP: 55/55 MP: 9/9
  4176 | D:7      | Noticed a troll
  4242 | D:7      | Killed a troll
  4425 | D:7      | Reached skill level 5 in Dodging
  5248 | D:6      | Noticed Menkaure
  5261 | D:6      | Killed Menkaure
  5264 | D:6      | Noticed an angel
  5276 | D:6      | Found a staircase to the Ecumenical Temple.
  5328 | D:6      | Noticed Pikel
  5336 | D:6      | Noticed Eustachio
  5383 | D:6      | Reached skill level 5 in Axes
  5387 | D:6      | Killed Eustachio
  5388 | D:6      | Reached XP level 10. HP: 63/63 MP: 10/10
  5398 | D:6      | Killed Pikel
  5399 | D:6      | Reached skill level 6 in Axes
  5579 | D:3      | Bought a +2 helmet for 181 gold pieces
  5889 | D:8      | Found a shadowy altar of Dithmenos.
  6073 | D:8      | Reached skill level 7 in Axes
  6418 | D:9      | Found a glowing silver altar of Zin.
  6769 | D:10     | Entered Level 10 of the Dungeon
  6776 | D:10     | Noticed a gargoyle
  6780 | D:10     | Noticed a two-headed ogre
  6782 | D:10     | Noticed a two-headed ogre
  6814 | D:10     | Noticed a gargoyle
  6817 | D:10     | Killed a two-headed ogre
  6818 | D:10     | Reached skill level 8 in Axes
  6818 | D:10     | Reached XP level 11. HP: 68/68 MP: 11/11
  6830 | D:10     | Killed a two-headed ogre
  6831 | D:10     | Reached skill level 9 in Axes
  7181 | D:11     | Reached skill level 10 in Axes
  7267 | D:11     | Noticed a manticore
  7275 | D:11     | Killed a manticore
  7278 | D:11     | Noticed a brown ugly thing
  7281 | D:11     | Noticed a boulder beetle
  7289 | D:11     | Killed a brown ugly thing
  7297 | D:11     | Noticed a manticore
  7314 | D:11     | Killed a manticore
  7320 | D:11     | Killed a boulder beetle
  7454 | D:11     | Found Xubagoxu's General Store.
  7462 | D:11     | Bought a scroll of identify for 24 gold pieces
  7784 | D:11     | Bought 5 poisoned darts for 36 gold pieces
  7784 | D:11     | Bought 3 datura-tipped darts for 32 gold pieces
  7908 | D:11     | Found a portal to a secret trove of treasure.
  8098 | D:10     | Found a staircase to the Lair.
  8102 | D:10     | Found a radiant altar of Vehumet.
  8130 | D:10     | Reached ***** piety under Trog
  8131 | D:10     | Reached skill level 11 in Axes
  8249 | D:10     | Found a glowing golden altar of the Shining One.
  8483 | D:12     | Noticed a manticore
  8486 | D:12     | Noticed a deep elf pyromancer
  8494 | D:12     | Killed a manticore
  8495 | D:12     | Reached XP level 12. HP: 66/76 MP: 12/12
  8566 | D:12     | Noticed Psyche
  8576 | D:12     | Killed Psyche
  8692 | D:12     | Found a runed translucent gate.
  8692 | D:12     | Found a runed translucent gate.
  8692 | D:12     | Found a runed translucent gate.
  8705 | D:12     | a lindwurm changed into a shock serpent
  8705 | D:12     | Noticed a shock serpent (glowing shapeshifter)
  8706 | D:12     | a shock serpent changed into a dream sheep
  8836 | D:12     | Found a staircase to the Orcish Mines.
  9068 | D:12     | Found a frozen archway.
  9070 | D:12     | Noticed a boulder beetle
  9076 | IceCv    | Entered an ice cave
  9323 | IceCv    | Reached skill level 12 in Axes
  9394 | IceCv    | Noticed a quicksilver ooze
  9402 | IceCv    | Killed a quicksilver ooze
  9432 | IceCv    | Found a viscous altar of Jiyva.
  9432 | IceCv    | Noticed an azure jelly
  9443 | IceCv    | Killed an azure jelly
  9444 | IceCv    | Reached skill level 10 in Fighting
  9449 | IceCv    | Noticed a quicksilver ooze
  9456 | IceCv    | Killed a quicksilver ooze
  9457 | IceCv    | Reached skill level 13 in Axes
  9474 | IceCv    | Got the ring of Fanaticism {Ice rElec Int+3}
  9598 | D:12     | Killed a boulder beetle
  9632 | D:12     | Received a gift from Trog
  9747 | D:12     | Reached XP level 13. HP: 79/83 MP: 13/13
 10408 | Lair:1   | Entered Level 1 of the Lair of Beasts
 10408 | Lair:1   | Noticed Gastronok
 10449 | Lair:1   | Killed Gastronok
 10508 | Lair:1   | Reached skill level 14 in Axes
 11662 | Lair:2   | Noticed Amaemon
 11689 | Lair:2   | Killed Amaemon
 11833 | Lair:2   | Found a hole to the Spider Nest.
 12077 | Lair:2   | Found a staircase to the Shoals.
 12123 | Lair:2   | Reached skill level 15 in Axes
 12473 | Lair:2   | Gained mutation: Your large and strong wings let you fly.
                  | [Gargoyle growth]
 12473 | Lair:2   | Reached XP level 14. HP: 73/91 MP: 14/14
 12682 | Lair:3   | Reached ****** piety under Trog
 13091 | Lair:3   | Reached skill level 10 in Armour
 13296 | Lair:3   | Noticed Nergalle
 13308 | Lair:3   | Killed Nergalle
 13308 | Lair:3   | Received a gift from Trog
 13642 | Lair:4   | Reached skill level 16 in Axes
 13933 | Lair:4   | Found a blossoming altar of Fedhas.
 14422 | Lair:5   | Entered Level 5 of the Lair of Beasts
 14579 | Lair:5   | Found a burning altar of Makhleb.
 14805 | Lair:5   | Reached skill level 1 in Throwing
 15097 | Lair:5   | Reached XP level 15. HP: 99/99 MP: 15/15
 15124 | Lair:5   | Found a runed translucent door.
 15266 | Lair:5   | Reached skill level 17 in Axes
 15276 | Lair:5   | HP: 1/148 [tyrant leech (21)]
 15277 | Lair:5   | Slain by a torpor snail

Illustrated notes

Levels and vault maps discovered:
D:1:      dpeg_arrival_round_b, layout_basic
D:2:      layout_rooms
D:3:      layout_rooms, nicolae_uskayaw_suspiria,
          nicolae_yredelemnul_corpse_copse, serial_shops, shop, shop, shop,
          nicolae_shop_peninsula, uniq_robin
D:4:      layout_loops_ring, lemuel_doored_altar, uniq_natasha
D:5:      layout_basic, kennysheep_generic_room_14
D:6:      layout_basic, temple_garden, minmay_misc_feat_tower, uniq_jeremiah,
          uniq_menkaure, uniq_pikel, uniq_eustachio
D:7:      layout_basic, minmay_fractal_squares_5
D:8:      layout_rooms, nicolae_dithmenos_shadow_blocks
D:9:      layout_gridville, mainiacjoe_overflow_concentric_impassable
D:10:     layout_rooms, vehumet_crystals, nicolae_overflow_hidden_temple,
          erik_lair_orcish_takeover, kennysheep_kite_vault
D:11:     layout_basic, trove_entry_hex_spiral, serial_shops,
          nicolae_stop_n_shop_1
D:12:     layout_loops_corners, hiddenorc2_lemuel,
          portal_ice_cave_entry_pillars_2,
          ploomutoo_gammafunk_ghost_potion_laboratory, minmay_starry_boxes,
          uniq_psyche
Lair:1:   layout_layer_cave, cheibrodos_lair_lostbears,
          infiniplex_staircase_pool_2, grunt_megastairs_1, lemuel_fruit_fields,
          serial_bayou_shore_b, uniq_gastronok
Lair:2:   layout_hall_layers, elwin_shoals_entry_rocks,
          nicolae_spider_entry_tight_spaces, special_room [special_room_bee],
          uniq_amaemon
Lair:3:   layout_gridlike, nicolae_volcano_entry_two_sided,
          serial_bayou_crossing, uniq_nergalle
Lair:4:   layout_loops_ring, gauntlet_entry_generic, tgw_fedhas
Lair:5:   wormcave, layout_cellular_growth, guppyfry_lair_end_dragon,
          dpeg_slime_entry_enclosed, lemuel_centaur_altar

Skill      XL: |  1  2  3  4  5  6  7  8  9 10 11 12 13 14 15 |
---------------+----------------------------------------------+-----
Axes           | 3 4 5 8 11 13 15 16 17 | 17.0
Fighting       | 4 5 6 7 8 9 10 11 13 | 13.4
Armour         | 3 4 5 6 7 8 9 10 | 10.7
Dodging        | 2 3 4 5 6 |  6.7
Maces & Flails | 2 4 6 7 |  7.7
Stealth        | 1 2 3 |  3.3
Throwing       | 2 |  2.2

Action                     |  1- 3 |  4- 6 |  7- 9 | 10-12 | 13-15 || total
---------------------------+-------+-------+-------+-------+-------++-------
  Melee: Hand axe          |   112 |    94 |       |       |       ||   206
         Punch             |     1 |     5 |     1 |       |       ||     7
         Flail             |       |    94 |   281 |       |       ||   375
         Battleaxe         |       |       |    92 |   596 |   634 ||  1322
         Broad axe         |       |       |       |       |     5 ||     5
  Throw: Dart              |     2 |     4 |     2 |       |    15 ||    23
 Invoke: Berserk           |       |     1 |     7 |     4 |     3 ||    15
         Trog's Hand       |       |       |     3 |     1 |     1 ||     5
         Brothers in Arms  |       |       |       |     1 |     1 ||     2
    Use: Scroll            |       |     5 |     4 |     7 |     5 ||    21
         Potion            |       |       |     2 |       |     1 ||     3
   Stab: Sleeping          |       |     1 |     2 |       |       ||     3
 Armour: Plate armour      |    96 |   102 |       |       |       ||   198
         Ring mail         |       |   120 |   470 |   685 |       ||  1275
         Crystal plate arm |       |       |       |   126 |  1165 ||  1291
  Dodge: Dodged            |    34 |   132 |   366 |   505 |   350 ||  1387

Table legend: (Time is in decaauts)
 A = Elapsed time spent in this place.
 B = Non-inter-level travel time spent in this place.
 C = Inter-level travel time spent in this place.
 D = Time resting spent in this place.
 E = Time spent auto-exploring this place.
 F = Levels seen in this place.
 G = Mean time per level.
                   A        B        C        D        E       F      G
               +--------+--------+--------+--------+--------+-----+--------+
         Total |  15732 |  15125 |    607 |    179 |   7167 |  18 |  874.0 |
       Dungeon |  10219 |   9698 |    521 |     58 |   4584 |  12 |  851.6 |
          Lair |   4995 |   4909 |     86 |     83 |   2545 |   5 |  999.0 |
      Ice Cave |    517 |    517 |      0 |     38 |     37 |   1 |  517.0 |
               +--------+--------+--------+--------+--------+-----+--------+

Top non-repeatable levels by time:
    D:12: 1384 daAuts
     D:7: 1268 daAuts
  Lair:1: 1206 daAuts
     D:4: 1079 daAuts
  Lair:4: 1069 daAuts
     D:5: 1027 daAuts
    D:11: 1009 daAuts
  Lair:2: 1002 daAuts
  Lair:3: 904 daAuts
  Lair:5: 812 daAuts
    D:10: 765 daAuts
     D:1: 737 daAuts
     D:3: 701 daAuts
     D:9: 596 daAuts
     D:6: 583 daAuts
